TOP OF THE 1ST |
Augusta Timber Hawks batting - Pitching for Florida Men : RHP Enrique Cruz
|
Pitching: RHP Enrique Cruz
|
|
Batting: SHB Francisco Enríquez
|
0-0: Called Strike 0-1: Ball 1-1: Foul Ball, location: 2F 1-2: Ball 2-2: Strikes out swinging
|
Batting: LHB Ken Gill
|
0-0: Ball 1-0: Called Strike 1-1: Fly out, F9 (Flyball, 9D, EV 76.9 MPH)
|
Batting: RHB Min-gook Ch'oe
|
0-0: Ball 1-0: Ball 2-0: Swinging Strike 2-1: Foul Ball, location: 2F 2-2: Foul Ball, location: 2F 2-2: Strikes out swinging
|
Top of the 1st over - 0 runs, 0 hits, 0 errors, 0 left on base; Augusta 0 - Florida 0 |
BOTTOM OF THE 1ST |
Florida Men batting - Pitching for Augusta Timber Hawks : RHP Santiago Ramírez
|
Pitching: RHP Santiago Ramírez
|
|
Batting: LHB Basava Puri
|
0-0: Called Strike 0-1: Swinging Strike 0-2: Hit by Pitch
|
Batting: RHB Matsudaira Sugahara
|
0-0: Ball 1-0: Called Strike 1-1: Ball Basava Puri is caught stealing 2nd base 2-4 2-1: Swinging Strike 2-2: Ball 3-2: Base on Balls
|
Batting: LHB Ed Holte
|
0-0: Fly out, F8 (Flyball, 8LS, EV 95.6 MPH)
|
Batting: RHB Tristan Eikelenboom
|
0-0: Ball 1-0: Hit by Pitch Matsudaira Sugahara to second
|
Batting: LHB Duncan Witteman
|
0-0: Called Strike 0-1: Ball 1-1: Called Strike 1-2: Ball 2-2: Foul Ball, location: 2F 2-2: Strikes out swinging
|
Bottom of the 1st over - 0 runs, 0 hits, 0 errors, 2 left on base; Augusta 0 - Florida 0 |
TOP OF THE 2ND |
Augusta Timber Hawks batting - Pitching for Florida Men : RHP Enrique Cruz
|
Batting: LHB Henry Buckley
|
0-0: Swinging Strike 0-1: Foul Ball, location: 2F 0-2: Fly out, F1 (Line Drive, P, EV 75.0 MPH)
|
Batting: RHB Pat Lloyd
|
0-0: Called Strike 0-1: Ball 1-1: Ball 2-1: Foul Ball, location: 2F 2-2: DOUBLE (Line Drive, 7LM, EV 91.9 MPH)
|
Batting: LHB Mike Houston
|
0-0: Ball 1-0: Ball 2-0: Foul Ball, location: 2F 2-1: Ball 3-1: Base on Balls
|
Batting: RHB David Martínez
|
0-0: Ball 1-0: Swinging Strike 1-1: Swinging Strike 1-2: Strikes out swinging
|
Batting: LHB Carlos Medellín
|
0-0: Ground out 4-3 (Groundball, 4D, EV 82.5 MPH)
|
Top of the 2nd over - 0 runs, 1 hit, 0 errors, 2 left on base; Augusta 0 - Florida 0 |
BOTTOM OF THE 2ND |
Florida Men batting - Pitching for Augusta Timber Hawks : RHP Santiago Ramírez
|
Batting: LHB Ronald Anderson
|
0-0: Called Strike 0-1: Swinging Strike 0-2: Ground out 1-3 (Groundball, 34S, EV 69.4 MPH)
|
Batting: LHB Jacques Viceronte
|
0-0: Ball 1-0: Fly out, F9 (Flyball, 9D, EV 100.6 MPH)
|
Batting: LHB Matt Herman
|
0-0: Called Strike 0-1: Ball 1-1: Ball 2-1: Called Strike 2-2: Foul Ball, location: 2F 2-2: Ball 3-2: Foul Ball, location: 2F 3-2: Foul Ball, location: 2F 3-2: Base on Balls
|
Batting: RHB Marcos Alfaro
|
0-0: Called Strike 0-1: Fielders Choice at 2nd, 5-4 (Groundball, 5, EV 85.6 MPH)
|
Bottom of the 2nd over - 0 runs, 0 hits, 0 errors, 1 left on base; Augusta 0 - Florida 0 |
TOP OF THE 3RD |
Augusta Timber Hawks batting - Pitching for Florida Men : RHP Enrique Cruz
|
Batting: LHB António Muñóz
|
0-0: Ball 1-0: Ball 2-0: Called Strike 2-1: Called Strike 2-2: Ball 3-2: Base on Balls
|
Batting: SHB Francisco Enríquez
|
0-0: Called Strike 0-1: Ball 1-1: Ball 2-1: Called Strike 2-2: Ball 3-2: Foul Ball, location: 2F 3-2: Strikes out swinging
|
Batting: LHB Ken Gill
|
0-0: Called Strike António Muñóz is caught stealing 2nd base 2-6 0-1: Ball 1-1: Ball 2-1: Ground out 6-3 (Groundball, 6M, EV 90.0 MPH)
|
Top of the 3rd over - 0 runs, 0 hits, 0 errors, 0 left on base; Augusta 0 - Florida 0 |
BOTTOM OF THE 3RD |
Florida Men batting - Pitching for Augusta Timber Hawks : RHP Santiago Ramírez
|
Batting: LHB Basava Puri
|
0-0: Ground out 4-3 (Groundball, 4, EV 82.5 MPH)
|
Batting: RHB Matsudaira Sugahara
|
0-0: Ball 1-0: Ball 2-0: Ball 3-0: Base on Balls
|
Batting: LHB Ed Holte
|
0-0: Called Strike 0-1: Swinging Strike 0-2: Strikes out swinging
|
Batting: RHB Tristan Eikelenboom
|
0-0: Fly out, F4 (Popup, 4MS, EV 65.6 MPH)
|
Bottom of the 3rd over - 0 runs, 0 hits, 0 errors, 1 left on base; Augusta 0 - Florida 0 |
TOP OF THE 4TH |
Augusta Timber Hawks batting - Pitching for Florida Men : RHP Enrique Cruz
|
Batting: RHB Min-gook Ch'oe
|
0-0: Ball 1-0: Called Strike 1-1: DOUBLE (Groundball, 5L, EV 104.4 MPH)
|
Batting: LHB Henry Buckley
|
0-0: Foul Ball, location: 2F 0-1: Ball 1-1: Ball 2-1: 2-RUN HOME RUN (Flyball, 9D, EV 109.4 MPH), Distance : 368 ft
|
Batting: RHB Pat Lloyd
|
0-0: Ball 1-0: Foul Ball, location: 2F 1-1: DOUBLE (Line Drive, 78D, EV 104.4 MPH)
|
Batting: LHB Mike Houston
|
0-0: Ball 1-0: Ball 2-0: Ball 3-0: Base on Balls
|
Batting: RHB David Martínez
|
0-0: Called Strike 0-1: Fly out, F8 (Flyball, 89S, EV 91.2 MPH)
|
Batting: LHB Carlos Medellín
|
0-0: Ball 1-0: Swinging Strike 1-1: Ball 2-1: Foul Ball, location: 2F 2-2: Ball 3-2: Foul Ball, location: 2F 3-2: Foul Ball, location: 2F 3-2: Base on Balls Pat Lloyd to third Mike Houston to second
|
Batting: LHB António Muñóz
|
0-0: Ball 1-0: Ball 2-0: Called Strike 2-1: Foul Ball, location: 2F 2-2: Ball 3-2: Strikes out swinging
|
Batting: SHB Francisco Enríquez
|
0-0: Fly out, F8 (Flyball, 8LD, EV 91.2 MPH)
|
Top of the 4th over - 2 runs, 3 hits, 0 errors, 3 left on base; Augusta 2 - Florida 0 |
BOTTOM OF THE 4TH |
Florida Men batting - Pitching for Augusta Timber Hawks : RHP Santiago Ramírez
|
Batting: LHB Duncan Witteman
|
0-0: Ball 1-0: Fly out, F7 (Line Drive, 7, EV 105.6 MPH)
|
Batting: LHB Ronald Anderson
|
0-0: Ball 1-0: Ball 2-0: Ball 3-0: Base on Balls
|
Batting: LHB Jacques Viceronte
|
0-0: Ball 1-0: Grounds into double play, 6-4-3 (Groundball, 6, EV 98.1 MPH)
|
Bottom of the 4th over - 0 runs, 0 hits, 0 errors, 0 left on base; Augusta 2 - Florida 0 |
TOP OF THE 5TH |
Augusta Timber Hawks batting - Pitching for Florida Men : RHP Enrique Cruz
|
Batting: LHB Ken Gill
|
0-0: Called Strike 0-1: Foul Ball, location: 2F 0-2: Ground out 4-3 (Groundball, 4S, EV 85.0 MPH)
|
Batting: RHB Min-gook Ch'oe
|
0-0: Called Strike 0-1: Foul Ball, location: 2F 0-2: Fly out, F9 (Flyball, 89D, EV 109.4 MPH)
|
Batting: LHB Henry Buckley
|
0-0: Ball 1-0: Ball 2-0: Called Strike 2-1: Ball 3-1: Foul Ball, location: 2F 3-2: Foul Ball, location: 2F 3-2: Base on Balls
|
Batting: RHB Pat Lloyd
|
0-0: Ball 1-0: Fly out, F9 (Line Drive, 9, EV 89.4 MPH)
|
Top of the 5th over - 0 runs, 0 hits, 0 errors, 1 left on base; Augusta 2 - Florida 0 |
BOTTOM OF THE 5TH |
Florida Men batting - Pitching for Augusta Timber Hawks : RHP Santiago Ramírez
|
Batting: LHB Matt Herman
|
0-0: Ball 1-0: Fly out, F9 (Flyball, 9LS, EV 93.1 MPH)
|
Batting: RHB Marcos Alfaro
|
0-0: Ground out 6-3 (Groundball, 6, EV 102.5 MPH)
|
Batting: LHB Basava Puri
|
0-0: Ball 1-0: SINGLE (Groundball, 6D, EV 103.8 MPH)
|
Batting: RHB Matsudaira Sugahara
|
0-0: Ball 1-0: Called Strike 1-1: Called Strike 1-2: Ground out 6-3 (Groundball, 4M, EV 80.0 MPH)
|
Bottom of the 5th over - 0 runs, 1 hit, 0 errors, 1 left on base; Augusta 2 - Florida 0 |
TOP OF THE 6TH |
Augusta Timber Hawks batting - Pitching for Florida Men : RHP Enrique Cruz
|
Pitching: RHP Atila Freska
|
|
Batting: LHB Mike Houston
|
0-0: Ball 1-0: Called Strike 1-1: Swinging Strike 1-2: Ball 2-2: Ball 3-2: Base on Balls
|
Batting: RHB David Martínez
|
0-0: Sac Bunt to 15S - play at second, runner OUT! 1-6
|
Batting: LHB Carlos Medellín
|
0-0: Ball 1-0: SINGLE (Groundball, 34, EV 95.0 MPH) David Martínez to second Runner from 2nd tries for 3rd, SAFE, throw by RF made to third
|
Batting: LHB António Muñóz
|
0-0: Ball 1-0: Swinging Strike 1-1: Ball 2-1: Swinging Strike 2-2: Foul Ball, location: 2F 2-2: Foul Ball, location: 2F 2-2: Strikes out swinging Carlos Medellín steals 2nd base Batter strikes out.
|
Batting: SHB Francisco Enríquez
|
0-0: Called Strike 0-1: Ball 1-1: Hit by Pitch
|
Batting: LHB Ken Gill
|
0-0: Ball 1-0: Fly out, F3 (Flyball, 3D, EV 88.1 MPH)
|
Top of the 6th over - 0 runs, 1 hit, 0 errors, 3 left on base; Augusta 2 - Florida 0 |
BOTTOM OF THE 6TH |
Florida Men batting - Pitching for Augusta Timber Hawks : RHP Santiago Ramírez
|
Batting: LHB Ed Holte
|
0-0: Ground out 6-3 (Groundball, 6, EV 81.2 MPH)
|
Batting: RHB Tristan Eikelenboom
|
0-0: Ball 1-0: SINGLE (Line Drive, 6MD, EV 104.4 MPH)
|
Batting: LHB Duncan Witteman
|
0-0: Swinging Strike 0-1: SINGLE (Line Drive, 89M, EV 92.5 MPH) Tristan Eikelenboom to second
|
Batting: LHB Ronald Anderson
|
0-0: Ball 1-0: Foul Ball, location: 2F 1-1: Ball 2-1: Foul Ball, location: 2F 2-2: Ball 3-2: Strikes out swinging
|
Batting: LHB Jacques Viceronte
|
0-0: Ground out U3 (Groundball, 3L, EV 105.6 MPH)
|
Bottom of the 6th over - 0 runs, 2 hits, 0 errors, 2 left on base; Augusta 2 - Florida 0 |
TOP OF THE 7TH |
Augusta Timber Hawks batting - Pitching for Florida Men : RHP Atila Freska
|
Batting: RHB Min-gook Ch'oe
|
0-0: Ball 1-0: Ball 2-0: Called Strike 2-1: Swinging Strike 2-2: Ball 3-2: Base on Balls
|
Batting: LHB Henry Buckley
|
0-0: Ball 1-0: Foul Ball, location: 2F 1-1: SINGLE (Line Drive, 6D, EV 98.1 MPH) Min-gook Ch'oe to second
|
Batting: RHB Pat Lloyd
|
0-0: Called Strike 0-1: Foul Ball, location: 2F 0-2: Ball 1-2: Fielders Choice at 2nd, 5-4 (Groundball, 56, EV 87.5 MPH) Min-gook Ch'oe to third
|
Pitching: RHP Oscar Kenselaar
|
|
Batting: LHB Mike Houston
|
0-0: Ball 1-0: Swinging Strike 1-1: Ball 2-1: Ball 3-1: Base on Balls Pat Lloyd to second
|
Batting: RHB David Martínez
|
0-0: Ball 1-0: Foul Ball, location: 2F 1-1: Swinging Strike 1-2: Strikes out swinging
|
Batting: LHB Carlos Medellín
|
0-0: Ball 1-0: Ball 2-0: Ball Wild Pitch! Min-gook Ch'oe scores Pat Lloyd to third Mike Houston to second 3-0: Base on Balls
|
Batting: LHB António Muñóz
|
0-0: Ball 1-0: Foul Ball, location: 2F 1-1: Ball 2-1: Foul Ball, location: 2F 2-2: Ball 3-2: Strikes out swinging
|
Top of the 7th over - 1 run, 1 hit, 0 errors, 3 left on base; Augusta 3 - Florida 0 |
BOTTOM OF THE 7TH |
Florida Men batting - Pitching for Augusta Timber Hawks : RHP Santiago Ramírez
|
Batting: LHB Matt Herman
|
0-0: Called Strike 0-1: Called Strike 0-2: Ball 1-2: Ground out 6-3 (Groundball, 6, EV 80.0 MPH)
|
Batting: RHB Marcos Alfaro
|
0-0: Called Strike 0-1: Ball 1-1: DOUBLE (Line Drive, 78M, EV 88.1 MPH)
|
Batting: LHB Basava Puri
|
0-0: Ball Marcos Alfaro steals 3rd base 1-0: Foul Ball, location: 2F 1-1: Ball 2-1: Ball 3-1: Fly out, F8 (Line Drive, 8RM, EV 89.4 MPH) Runner from 3rd tags up, SCORES, throw by CF
|
Batting: RHB Matsudaira Sugahara
|
0-0: Ball 1-0: Ground out 4-3 (Groundball, 34, EV 98.8 MPH)
|
Bottom of the 7th over - 1 run, 1 hit, 0 errors, 0 left on base; Augusta 3 - Florida 1 |
TOP OF THE 8TH |
Augusta Timber Hawks batting - Pitching for Florida Men : RHP Oscar Kenselaar
|
Batting: SHB Francisco Enríquez
|
0-0: Hit by Pitch
|
Batting: LHB Ken Gill
|
0-0: Bunted foul 0-1: Bunted foul 0-2: Ball 1-2: SINGLE (Groundball, 4MD, EV 101.2 MPH) Francisco Enríquez to second Runner from 2nd tries for 3rd, SAFE, throw by CF made to third
|
Batting: RHB Min-gook Ch'oe
|
0-0: Ball 1-0: Ball 2-0: SINGLE (Line Drive, 6D, EV 95.6 MPH) Francisco Enríquez scores Ken Gill to second
|
Batting: LHB Henry Buckley
|
0-0: Ball 1-0: Ball 2-0: Ball 3-0: Base on Balls Ken Gill to third Min-gook Ch'oe to second
|
Pitching: RHP Robert Cagle
|
|
Batting: RHB Pat Lloyd
|
0-0: Called Strike 0-1: Foul Ball, location: 2F 0-2: Ball 1-2: Ball 2-2: Ball 3-2: Base on Balls Ken Gill scores Min-gook Ch'oe to third Henry Buckley to second
|
Batting: LHB Mike Houston
|
0-0: Ball 1-0: Ball 2-0: Ball 3-0: Base on Balls Min-gook Ch'oe scores Henry Buckley to third Pat Lloyd to second
|
Pitching: RHP James Davis
|
|
Batting: RHB David Martínez
|
0-0: Ball 1-0: Foul Ball, location: 2F 1-1: Fielders Choice at 2nd, 6-4 (Groundball, 6, EV 87.5 MPH) Henry Buckley scores Pat Lloyd to third
|
Batting: LHB Carlos Medellín
|
0-0: Swinging Strike 0-1: Ball 1-1: Called Strike 1-2: Foul Ball, location: 2F 1-2: SINGLE (Groundball, 34, EV 88.8 MPH) (infield hit) Pat Lloyd scores David Martínez to second
|
Batting: LHB António Muñóz
|
0-0: Ball 1-0: Called Strike 1-1: Ball 2-1: Ball 3-1: Called Strike 3-2: Base on Balls David Martínez to third Carlos Medellín to second
|
Batting: SHB Francisco Enríquez
|
0-0: Called Strike 0-1: Hit by Pitch David Martínez scores Carlos Medellín to third António Muñóz to second
|
Pitching: RHP Joseph Merle
|
|
Batting: LHB Ken Gill
|
0-0: Called Strike 0-1: Ball 1-1: Grounds into double play, 4-6-3 (Groundball, 4, EV 89.4 MPH)
|
Top of the 8th over - 6 runs, 3 hits, 0 errors, 2 left on base; Augusta 9 - Florida 1 |
BOTTOM OF THE 8TH |
Florida Men batting - Pitching for Augusta Timber Hawks : RHP Santiago Ramírez
|
Pitching: RHP Sam Pelsize
|
|
Batting: LHB Ed Holte
|
0-0: Ball 1-0: Foul Ball, location: 2F 1-1: Ball 2-1: SOLO HOME RUN (Flyball, 89XD, EV 105.6 MPH), Distance : 412 ft
|
Batting: RHB Tristan Eikelenboom
|
0-0: Ground out 4-3 (Groundball, 4, EV 82.5 MPH)
|
Batting: LHB Duncan Witteman
|
0-0: Ball 1-0: Ball 2-0: Fly out, F6 (Popup, 6, EV 58.1 MPH)
|
Batting: LHB Ronald Anderson
|
0-0: Ball 1-0: Called Strike 1-1: Swinging Strike 1-2: Strikes out swinging
|
Bottom of the 8th over - 1 run, 1 hit, 0 errors, 0 left on base; Augusta 9 - Florida 2 |
TOP OF THE 9TH |
Augusta Timber Hawks batting - Pitching for Florida Men : RHP Joseph Merle
|
Batting: RHB Min-gook Ch'oe
|
0-0: Ball 1-0: Called Strike 1-1: Ball 2-1: Foul Ball, location: 2F 2-2: SINGLE (Groundball, 56D, EV 97.5 MPH)
|
Batting: LHB Henry Buckley
|
0-0: Called Strike 0-1: Foul Ball, location: 2F 0-2: Strikes out swinging
|
Batting: RHB Pat Lloyd
|
0-0: Grounds into double play, 6-4-3 (Groundball, 6, EV 85.6 MPH)
|
Top of the 9th over - 0 runs, 1 hit, 0 errors, 0 left on base; Augusta 9 - Florida 2 |
BOTTOM OF THE 9TH |
Florida Men batting - Pitching for Augusta Timber Hawks : RHP Sam Pelsize
|
Batting: LHB Jacques Viceronte
|
0-0: Ball 1-0: Swinging Strike 1-1: Ball 2-1: SINGLE (Groundball, 34S, EV 74.4 MPH) (infield hit)
|
Pinch Hitting: RHB Henry Lambright
|
0-0: Called Strike 0-1: Foul Ball, location: 2F 0-2: Fly out, F7 (Flyball, 7S, EV 86.9 MPH)
|
Batting: RHB Marcos Alfaro
|
0-0: Called Strike 0-1: Swinging Strike 0-2: Strikes out looking
|
Batting: LHB Basava Puri
|
0-0: Swinging Strike 0-1: Called Strike 0-2: Strikes out swinging
|
Bottom of the 9th over - 0 runs, 1 hit, 0 errors, 1 left on base; Augusta 9 - Florida 2 |
|